 Dungeon Crawl Stone Soup version 0.26-a0-652-gafc20e3620 (webtiles) character file.

Game seed: 2188021553609806100

19831 weilandje the Severer (level 12, -3/112 HPs)
             Began as a Minotaur Berserker on Oct 3, 2020.
             Was a High Priest of Trog.
             Killed from afar by Jorgrun (48 damage)
             ... with an iron shot
             ... on level 12 of the Dungeon.
             The game lasted 01:10:39 (10876 turns).

weilandje the Severer (Minotaur Berserker)         Turns: 10876, Time: 01:10:40

Health: -3/112     AC: 24    Str: 32    XL:     12   Next: 40%
Magic:  11/11      EV:  8    Int:  4    God:    Trog [*****.]
Gold:   686        SH:  0    Dex: 11    Spells: 11/11 levels left

rFire    . . .     SeeInvis .   c - +0 broad axe (elec)
rCold    . . .     Faith    .   (no shield)
rNeg     . . .     Spirit   .   h - +1 crystal plate armour
rPois    .         Reflect  .   (helmet restricted)
rElec    .         Harm     .   (no cloak)
rCorr    .         Rampage  .   (no gloves)
MR       +....                  X - +0 pair of boots
Stlth    ..........             G - amulet of regeneration
HPRegen  0.68/turn              d - +6 ring of strength
MPRegen  0.12/turn              s - ring of protection from magic

@: slowed, very slow
A: retaliatory headbutt, horns 2
a: Berserk, Trog's Hand, Brothers in Arms, Renounce Religion


You were on level 12 of the Dungeon.
You worshipped Trog.
Trog was extremely pleased with you.
You visited 2 branches of the dungeon, and saw 13 of its levels.

You collected 757 gold pieces.
You spent 71 gold pieces at shops.

Inventory:

Hand Weapons
 a - a +0 hand axe
 c - a +0 broad axe of electrocution (weapon)
 x - a +0 halberd
 B - the +10 hand axe of Kimurui {freeze, rPois rF+ rC- rN+, unknown}
   (You found it on level 6 of the Dungeon)

   It has been specially enchanted to freeze those struck by it, causing extra
   injury to most foes and up to half again as much damage against particularly
   susceptible opponents.
   It can also slow down cold-blooded creatures.
   It protects you from fire.
   It makes you vulnerable to cold.
   It protects you from poison.
   It protects you from negative energy.
 J - a +0 battleaxe
 K - a +0 war axe
Missiles
 g - 586 stones (quivered)
Armour
 b - a +0 animal skin
 h - a +1 crystal plate armour (worn)
 W - a +0 plate armour
 X - a +0 pair of boots (worn)
Jewellery
 d - a +6 ring of strength (left hand)
 s - a ring of protection from magic (right hand)
 D - a cursed -4 ring of intelligence {unknown}
 G - an amulet of regeneration (around neck)
 O - an uncursed ring of poison resistance
 P - an uncursed ring of flight {unknown}
 Q - a cursed ring of teleportation {unknown}
 R - an uncursed ring of magical power
Wands
 m - a wand of random effects (13)
 q - a wand of acid (5)
 A - a wand of enslavement (8)
 E - a wand of paralysis (7)
 H - a wand of flame (41)
 V - a wand of iceblast (8)
Scrolls
 e - 5 scrolls of immolation
 i - a scroll of noise {unknown}
 j - 4 scrolls of amnesia
 l - 9 scrolls of remove curse
 o - a scroll of torment {unknown}
 u - 7 scrolls of teleportation {unknown}
 w - 6 scrolls of enchant weapon {unknown}
 y - 2 scrolls of enchant armour
 z - 2 scrolls of blinking
 F - a scroll of silence {unknown}
 U - a scroll of fog {unknown}
 Y - a scroll of random uselessness {unknown}
 Z - a scroll of identify
Potions
 f - a potion of resistance
 k - a potion of might {unknown}
 n - 2 potions of lignification
 p - 2 potions of stabbing
 r - 2 potions of cancellation
 t - a potion of berserk rage {unknown}
 v - 3 potions of degeneration {unknown}
 C - 3 potions of flight {unknown}
 I - 3 potions of curing
 L - a potion of invisibility {unknown}
 M - a potion of heal wounds
 N - a potion of haste {unknown}
 S - a potion of brilliance
 T - a potion of ambrosia {unknown}


   Skills:
 + Level 12.0 Fighting
 + Level 16.7 Axes
 + Level 12.5 Armour
 + Level 2.8 Dodging
 + Level 1.7 Stealth


You had 11 spell levels left.
You didn't know any spells.
Your spell library contained the following spells:

 Spells                   Type           Power        Failure   Level
 Animate Skeleton         Necr           #.....       100%        1
 Pain                     Necr           #...         100%        1
 Vampiric Draining        Necr           #.........   100%        3
 Animate Dead             Necr           #.........   100%        4
 Agony                    Necr           #.......     100%        5


Dungeon Overview and Level Annotations

Branches:
Dungeon (12/15)            Temple (1/1) D:4            Lair (0/6) D:8
    Orc (0/2) D:10

Altars:
Ashenzari
Cheibriados
Dithmenos
Elyvilon
Fedhas
Gozag
Hepliaklqana
Kikubaaqudgha
Makhleb
Nemelex Xobeh
Okawaru
Qazlal
Ru
Sif Muna
Trog
Uskayaw
Vehumet
Wu Jian
Xom
Yredelemnul
Zin
The Shining One

Shops:
D:7 :([?

Portals:
Bazaar: D:11

Annotations:
D:4 1 runed translucent door, exclusion: oklob plant, britomartis's ghost, amateur OpCK
D:12 Jorgrun


Innate Abilities, Weirdness & Mutations

You reflexively headbutt those who attack you in melee.
You have a pair of horns on your head.


Message History

Jorgrun casts a spell at you.
You easily resist.
You swap places.
You feel sick. Jorgrun hits you but does no damage.
You miss Jorgrun.
Your ogre disappears in a puff of smoke!
Jorgrun hits you but does no damage.
You slice Jorgrun!! Your headbutt misses Jorgrun.
Jorgrun is lightly wounded.
Jorgrun hits you with a +0 vorpal quarterstaff.
You slash Jorgrun! You headbutt Jorgrun.
Jorgrun is moderately wounded.
Jorgrun points at you and mumbles some strange words.
The iron shot hits you!!
Your iron troll goes berserk!
You feel sick.
You are no longer poisoned.
Jorgrun hits you but does no damage. Jorgrun gestures at you while chanting.
The iron shot hits you!!!
You die...

#.......#
#.PP...## ###.
#.._...# ......#
#..P..## ......#
#.....# ......#
###.### ......
#.##########....
#.)..(.(....#.#
########..@.g###
#.......#
#.......#
#...T......#
#.....######
#......#
##.....# #.....#
#.....#


You could see Jorgrun and a friendly iron troll (summoned, berserk).

Vanquished Creatures
  Erolcha (D:10)
  2 two-headed ogres
  A death yak (D:8)
  Urug (D:11)
  A wizard (D:11)
  2 manticores
  Joseph (D:10)
  Maurice (D:12)
  A gargoyle (D:11)
  2 kobold demonologists (D:11)
  4 trolls
  2 polar bears (D:12)
  A queen bee (shapeshifter) (D:10)
  A hornet (D:8)
  6 slime creatures (D:12)
  4 hippogriffs
  A shadow (D:12)
  2 wyverns
  12 yaks
  Menkaure (D:7)
  Grum (D:10)
  A black bear (D:9)
  4 ogres
  2 phantoms
  3 ice beasts
  3 sky beasts
  2 necrophages
  3 wolves (D:10)
  7 centaurs
  A crocodile (D:9)
  6 big kobolds
  3 bullfrogs
  2 wyvern zombies (D:11)
  2 wyvern skeletons
  3 scorpions
  A water moccasin skeleton (D:10)
  6 killer bees
  12 wights
  A centaur zombie (D:11)
  3 bullfrog zombies
  6 hounds
  5 orc priests
  2 jellies
  10 orc wizards
  Jessica (D:3)
  Natasha (thrice) (D:3)
  2 bullfrog skeletons (D:5)
  2 centaur skeletons
  2 iguanas
  7 worker ants
  2 hound skeletons (D:5)
  2 mummies (D:11)
  3 gnolls (D:4)
  14 adders
  3 shadow imps
  2 white imps
  An adder zombie (D:9)
  4 worms
  2 dart slugs
  9 leopard geckos
  48 orcs
  6 giant cockroaches
  5 goblins
  9 hobgoblins
  14 jackals
  27 kobolds
  3 quokkas
  9 bats
  9 frilled lizards
  A leopard gecko skeleton (D:4)
  A leopard gecko zombie (D:7)
  A quokka skeleton (D:4)
  A quokka zombie (D:6)
  7 rats
  A bush (D:12)
337 creatures vanquished.

Vanquished Creatures (collateral kills)
  Erica (D:8)
  2 death yaks (D:8)
  Sonja (D:12)
  An unseen horror (D:11)
  3 hippogriffs
  A wraith (D:10)
  2 yaks (D:9)
  2 orc warriors
  A bullfrog (D:8)
  A gnoll sergeant (D:9)
  4 wights (D:6)
  A centaur zombie (D:6)
  A gnoll shaman (D:6)
  An orc priest (D:8)
  A jelly (D:12)
  A bullfrog skeleton (D:9)
  5 orc wizards
  A worker ant (D:9)
  10 gnolls
  A river rat (D:8)
  A shadow imp (D:6)
  14 orcs
  A rat (D:8)
57 creatures vanquished.

Vanquished Creatures (others)
  27 fungi (D:4)
  34 plants (D:4)
  A withered plant (D:11)
62 creatures vanquished.

Grand Total: 456 creatures vanquished

Notes
Turn   | Place    | Note
-------+----------+-------------------------------------------
     0 | D:1      | weilandje the Minotaur Berserker began the quest for the
                  | Orb.
     0 | D:1      | Reached XP level 1. HP: 19/19 MP: 0/0
   241 | D:1      | Reached XP level 2. HP: 17/27 MP: 1/1
   743 | D:1      | Reached skill level 4 in Axes
  1141 | D:2      | Reached XP level 3. HP: 33/33 MP: 2/2
  1441 | D:2      | Reached ** piety under Trog
  1603 | D:3      | Reached XP level 4. HP: 41/41 MP: 3/3
  1604 | D:3      | Noticed Natasha
  1610 | D:3      | Killed Natasha
  1610 | D:3      | Reached skill level 5 in Axes
  1622 | D:3      | Noticed Natasha
  1627 | D:3      | Killed Natasha
  1686 | D:3      | Noticed Natasha
  1702 | D:3      | Killed Natasha
  1702 | D:3      | Reached skill level 1 in Stealth
  1702 | D:3      | Reached XP level 5. HP: 23/47 MP: 4/4
  2336 | D:3      | Noticed Jessica
  2341 | D:3      | Killed Jessica
  2518 | D:3      | Reached skill level 6 in Axes
  2556 | D:3      | Reached *** piety under Trog
  2699 | D:4      | Reached skill level 5 in Fighting
  2948 | D:4      | Noticed britomartis's ghost (amateur OpCK)
  2951 | D:4      | Found a runed translucent door.
  3099 | D:4      | Reached XP level 6. HP: 51/56 MP: 5/5
  3141 | D:4      | Found a staircase to the Ecumenical Temple.
  3147 | Temple   | Entered the Ecumenical Temple
  3251 | D:4      | Found a blossoming altar of Fedhas.
  3457 | D:4      | Noticed an oklob plant
  3800 | D:5      | Entered Level 5 of the Dungeon
  3939 | D:5      | Reached skill level 7 in Axes
  3939 | D:5      | Reached XP level 7. HP: 32/61 MP: 6/6
  3949 | D:5      | Reached **** piety under Trog
  3949 | D:5      | Reached skill level 5 in Armour
  4258 | D:5      | Reached skill level 8 in Axes
  4821 | D:5      | Reached XP level 8. HP: 64/70 MP: 7/7
  5062 | D:6      | Reached skill level 9 in Axes
  5125 | D:6      | Found a blossoming altar of Fedhas.
  5162 | D:6      | Got a masterwork hand axe
  5206 | D:6      | HP: 3/73 [poisoned by a killer bee]
  5211 | D:6      | HP: 2/73 [poisoned by a killer bee]
  5217 | D:6      | HP: 2/73 [poisoned by a killer bee]
  5608 | D:6      | Reached skill level 10 in Axes
  6003 | D:7      | Noticed Menkaure
  6012 | D:7      | Killed Menkaure
  6012 | D:7      | Reached XP level 9. HP: 73/79 MP: 8/8
  6042 | D:7      | Found Iply's Book Boutique.
  6102 | D:7      | Found Dihaysan's Weapon Emporium.
  6111 | D:7      | Bought a +0 battleaxe for 71 gold pieces
  6366 | D:7      | Found Cauzian's Magic Scroll Shoppe.
  6466 | D:7      | Found Ysuifeicu's Antique Armour Shoppe.
  6710 | D:8      | Reached ***** piety under Trog
  6724 | D:8      | Reached skill level 11 in Axes
  6778 | D:8      | Found a shadowy altar of Dithmenos.
  6808 | D:8      | Paralysed by a hornet for 1 turns
  6913 | D:8      | Found a shadowy altar of Dithmenos.
  6945 | D:8      | Noticed a death yak
  6947 | D:8      | Noticed a death yak
  6953 | D:8      | Killed a death yak
  6953 | D:8      | Reached skill level 12 in Axes
  6955 | D:8      | Noticed a death yak
  6959 | D:8      | Killed a death yak
  6964 | D:8      | Killed a death yak
  6964 | D:8      | Reached XP level 10. HP: 76/90 MP: 9/9
  6981 | D:8      | Found a staircase to the Lair.
  7057 | D:8      | Reached skill level 13 in Axes
  7284 | D:8      | Noticed Erica
  7417 | D:8      | Killed Erica
  8052 | D:9      | Noticed a two-headed ogre
  8069 | D:9      | Killed a two-headed ogre
  8160 | D:9      | Reached skill level 14 in Axes
  8199 | D:9      | Reached skill level 10 in Armour
  8343 | D:9      | Reached skill level 10 in Fighting
  8655 | D:10     | Entered Level 10 of the Dungeon
  8655 | D:10     | Noticed a two-headed ogre
  8662 | D:10     | Killed a two-headed ogre
  8662 | D:10     | Reached XP level 11. HP: 67/101 MP: 10/10
  8731 | D:10     | Noticed Erolcha
  8814 | D:10     | Killed Erolcha
  8979 | D:10     | Found an iron altar of Okawaru.
  9088 | D:10     | Noticed Joseph
  9117 | D:10     | Killed Joseph
  9230 | D:10     | Reached skill level 15 in Axes
  9274 | D:10     | Found a radiant altar of Vehumet.
  9297 | D:10     | Found a staircase to the Orcish Mines.
  9427 | D:10     | Noticed Grum
  9433 | D:10     | Killed Grum
  9570 | D:11     | Found a flickering gateway to a bazaar.
  9617 | D:11     | Noticed a sun demon
 10082 | D:11     | Noticed a wizard
 10093 | D:11     | Killed a wizard
 10093 | D:11     | Reached skill level 16 in Axes
 10235 | D:11     | Noticed Urug
 10249 | D:11     | Killed Urug
 10249 | D:11     | Reached XP level 12. HP: 32/111 MP: 11/11
 10719 | D:12     | Noticed Maurice
 10722 | D:12     | Killed Maurice
 10816 | D:12     | Found a bloodstained altar of Trog.
 10842 | D:12     | Noticed Sonja
 10857 | D:12     | Killed Sonja
 10867 | D:12     | Noticed Jorgrun
 10876 | D:12     | Killed from afar by Jorgrun

Illustrated notes

Levels and vault maps discovered:
D:1:      mainiacjoe_arrival_reflecting_pool, layout_basic, roderic_lattice_a,
          minmay_3d_cube
D:2:      layout_rooms, minmay_small_reverse_x
D:3:      layout_loops_corners, minmay_tree_intersection, uniq_natasha,
          uniq_jessica
D:4:      layout_loops_ring, minmay_temple_entry_statues,
          hellmonk_ghost_happy_afterlife, ebering_dispersal_statue_hall,
          tgw_fedhas
D:5:      layout_loops_ring, kennysheep_donut, kennysheep_generic_room_9
D:6:      layout_basic, basic_altar, dk_rats_in_the_wall
D:7:      layout_basic, serial_shops, nicolae_shop_waterfront, shop, shop, shop,
          uniq_menkaure
D:8:      layout_loops_cross, grunt_dithmenos_smoke_and_mirrors,
          dpeg_lair_monsters, lemuel_tele_altar, uniq_erica
D:9:      layout_basic, kennysheep_generic_room_12
D:10:     layout_loops_cross, orc_0_dummy, basic_altar,
          david_defended_altar_orc, uniq_grum, uniq_joseph, uniq_erolcha
D:11:     layout_loops_corners, serial_shops, bzr_entry_dummy, serial_undead,
          serial_undead_c, serial_undead_d, serial_undead_c, serial_undead_c,
          uniq_urug
D:12:     layout_basic, grunt_decor_resistance, abandoned_shop,
          chequers_serial_rivers_small_a, trog_ov_bears_minmay, uniq_jorgrun,
          uniq_sonja, uniq_maurice
Temple:   dpeg_three_leaves_temple

Skill      XL: |  1  2  3  4  5  6  7  8  9 10 11 12 |
---------------+-------------------------------------+-----
Fighting       | 4 5 6 7 8 10 11 12 | 12.0
Axes           | 4 5 6 7 8 10 12 14 16 | 16.7
Armour         | 3 4 6 7 9 10 11 12 | 12.5
Stealth        | 1 |  1.7
Dodging        | |  2.8

Action                   |  1- 3 |  4- 6 |  7- 9 | 10-12 || total
-------------------------+-------+-------+-------+-------++-------
Melee: Hand axe          |    98 |   196 |   138 |       ||   432
       Headbutt          |    14 |    53 |    52 |    99 ||   218
       Battleaxe         |       |       |    78 |    50 ||   128
       War axe           |       |       |       |   161 ||   161
       Broad axe         |       |       |       |   201 ||   201
Throw: Stone             |       |       |       |     2 ||     2
Invok: Berserk           |       |       |     2 |       ||     2
       Brothers in Arms  |       |       |     4 |    12 ||    16
  Use: Potion            |     2 |     1 |     2 |       ||     5
       Scroll            |     9 |     2 |       |     1 ||    12
 Stab: Sleeping          |     1 |       |       |       ||     1
       Distracted        |       |       |       |     1 ||     1
Armor: Animal skin       |     4 |       |       |       ||     4
       Crystal plate arm |    58 |   139 |   203 |   288 ||   688
Dodge: Dodged            |    46 |    49 |    81 |   113 ||   289

Table legend: (Time is in decaauts)
 A = Elapsed time spent in this place.
 B = Non-inter-level travel time spent in this place.
 C = Inter-level travel time spent in this place.
 D = Time resting spent in this place.
 E = Time spent auto-exploring this place.
 F = Levels seen in this place.
 G = Mean time per level.
                   A        B        C        D        E       F      G
               +--------+--------+--------+--------+--------+-----+--------+
         Total |  10882 |   9869 |   1013 |   2517 |      0 |  13 |  837.1 |
       Dungeon |  10803 |   9790 |   1013 |   2517 |      0 |  12 |  900.2 |
        Temple |     78 |     78 |      0 |      0 |      0 |   1 |   78.0 |
               +--------+--------+--------+--------+--------+-----+--------+

Top non-repeatable levels by time:
     D:5: 1234 daAuts
    D:11: 1103 daAuts
     D:3: 1099 daAuts
     D:4: 1065 daAuts
     D:8: 1019 daAuts
     D:1: 1019 daAuts
     D:9: 1010 daAuts
     D:6: 999 daAuts
    D:10: 742 daAuts
     D:7: 738 daAuts
     D:2: 547 daAuts
    D:12: 223 daAuts
  Temple: 78 daAuts
